[Event "20th Rochefort Chess Festival - Masters"]
[Site "Rochefort, France"]
[Date "2022.02.15"]
[Round "5.2"]
[White "Pein, Jonathan"]
[Black "Galperin, Platon"]
[Result "0-1"]
[TimeControl "1h30 + [30'']"]
[WhiteElo "2223"]
[BlackElo "2522"]

1. e4 g6 2. d4 d6 3. g3 Bg7 4. Bg2 Nf6 5. Ne2 Nc6 6. O-O O-O 7. Nbc3 e5 8. h3 exd4 9. Nxd4 Re8 10.
Nde2 Rb8 11. Be3 b5 12. e5 Nxe5 13. Bxa7 Rb7 14. Bd4 b4 15. Nd5 Nxd5 16. Bxd5 c5 17. Be3 Rc7 18. Kh2 Qd7 19.
Ng1 Ba6 20. Re1 Nc4 21. Bf4 Rxe1 22. Qxe1 Nxb2 23. Qe4 Nd3 24. Rb1 Nxf4 25. Qxf4 Be5 26. Qf3 Kg7 27. a3 Qa4 28. axb4 cxb4 29.
Bb3 Qb5 30. Rd1 Bb7 31. Qe2 Qc5 32. Nf3 Re7 33. Nxe5 Rxe5 34. Qd2 Qc6 35. f4 Re3 36. Qf2 Qe4 37. Bc4 Rf3 38. Qd4+ Qxd4 39.
Rxd4 Rf2+ 40. Kg1 Rxc2 41. Bb3 Rb2 42. Bc4 Rg2+ 43. Kf1 Rxg3 44. Rxd6 Rxh3 45. Bxf7 Kxf7 46. Rd7+ Kg8 47. Rxb7 Rf3+ 0-1


[ePGN "0.1;DGT LiveChess/2.2.5"]

[Event "20th Rochefort Chess Festival - Masters"]
[Site "Rochefort, France"]
[Date "2022.02.15"]
[Round "6.5"]
[White "Lucas, Arthur"]
[Black "Duboue, Peio"]
[Result "0-1"]
[TimeControl "1h30 + [30'']"]
[WhiteElo "2337"]
[BlackElo "2412"]

1. e4 c6 2. Nc3 d5 3. Nf3 Bg4 4. h3 Bxf3 5. Qxf3 e6 6. Be2 Bc5 7. O-O Ne7 8. Rd1 d4 9. Nb1 Nd7 10.
d3 Ng6 11. Qg3 h5 12. f4 h4 13. Qf2 Qc7 14. Rf1 O-O-O 15. Nd2 e5 16. Nb3 exf4 17. Bg4 Bd6 18. Qxd4 Kb8 19. Bxd7 Rxd7 20.
Qf2 c5 21. Nd2 Ne5 22. Nf3 Nxf3+ 23. Qxf3 g5 24. b3 Be5 25. Rb1 Re7 26. Kh1 Qd7 27. Bd2 Rg8 28. Qg4 Qxg4 29. hxg4 Kc7 30.
Rf3 b5 31. a4 a6 32. Kg1 Rb8 33. Rff1 Bd4+ 34. Kh2 Kc6 35. axb5+ axb5 36. c3 Be5 37. b4 Rd7 38. Rf3 Rbd8 39. bxc5 Rxd3 40. Be1 Rd1 41. Rxd1 Rxd1 42. Bf2 Rf1 43.
Bd4 Rxf3 44. Bxe5 Rg3 45. Bd4 Rxg4 46. Bf2 Rg3 0-1

[Event "20th Rochefort Chess Festival - Masters"]
[Site "Rochefort, France"]
[Date "2022.02.15"]
[Round "6.4"]
[White "Savina, Anastasia"]
[Black "Mirzoev, Emil"]
[Result "0-1"]
[TimeControl "1h30 + [30'']"]
[WhiteElo "2343"]
[BlackElo "2460"]

1. d4 g6 2. c4 Bg7 3. e4 d6 4. Nc3 Nf6 5. h3 Nbd7 6. g4 O-O 7. Be3 c5 8. d5 b5 9. cxb5 a6 10.
g5 Ne8 11. a4 axb5 12. axb5 Bb7 13. Nf3 e6 14. Nd2 exd5 15. Nxd5 Bxd5 16. exd5 Nc7 17. Bg2 Rxa1 18. Qxa1 Nb6 19.
Ne4 Ncxd5 20. O-O Nxe3 21. fxe3 Nc4 22. Rf3 Qe8 23. Nf6+ Bxf6 24. gxf6 Qxb5 25. Qf1 Rb8 26. Rg3 Ne5 27.
Qf4 Qe8 28. h4 Rb4 29. Qg5 Qc8 30. h5 Rg4 31. Rxg4 Qxg4 32. Qh6 gxh5 33. Kf2 Nd3+ 0-1

[Event "20th Rochefort Chess Festival - Masters"]
[Site "Rochefort, France"]
[Date "2022.02.15"]
[Round "6.2"]
[White "Laurent-Paoli, Pierre"]
[Black "Larkin, Vladyslav"]
[Result "1/2-1/2"]
[TimeControl "1h30 + [30'']"]
[WhiteElo "2483"]
[BlackElo "2399"]

1. d4 d6 2. e4 Nf6 3. Nc3 Nbd7 4.
g4 h6 5.
h3 e5 6.
Nge2 c6 7. a4 b6 8. Bg2 a6 9. O-O Bb7 10. Be3 b5 11. axb5 axb5 12. Ng3 b4 13. Nce2 g6 14. Qd2 c5 15.
c3 bxc3 16. bxc3 Bg7 17. f4 exd4 18. cxd4 Rxa1 19. Rxa1 cxd4 20. Bxd4 O-O 21. Qb2 Bc8 22. Rd1 Qa5 23. Bc3 Qc5+ 24.
Bd4 Qa5 25. Kh1 Qa6 26. Nc3 Bb7 27. g5 hxg5 28. fxg5 Ne8 29. Bxg7 Nxg7 30. Nb5 Rb8 31. Nxd6 Bxe4 32. Qf2 Bxg2+ 33. Qxg2 Ne5 34. Nde4 Ne6 35. Nf6+ Kg7 36. Qe4 Qb7 37. Nd5 Qb2 38. Re1 Rb3 39. Qxe5+ Qxe5 40. Rxe5 Rxg3 41. Kh2 Rxg5 42.
Rxg5 Nxg5 43. Kg3 Ne6 44. h4 Nd4 45. Kg4 f5+ 46. Kf4 Kh6 47. Nf6 Ne6+ 48. Ke5 Ng7 49. Ng8+ Kh5 50. Ne7 Ne6 51.
Nxf5 1/2-1/2

[Event "20th Rochefort Chess Festival - Masters"]
[Site "Rochefort, France"]
[Date "2022.02.15"]
[Round "6.3"]
[White "Fecker, Noah"]
[Black "Dalaud, Dorian"]
[Result "1-0"]
[TimeControl "1h30 + [30'']"]
[WhiteElo "2328"]
[BlackElo "2272"]

1. e4 c5 2. Nf3 Nc6 3. Bb5 g6 4. O-O Bg7 5. c3 Nf6 6. Re1 O-O 7. d4 d5 8. e5 Ne4 9. Bxc6 bxc6 10.
Be3 cxd4 11. cxd4 f6 12. exf6 exf6 13. Nbd2 Rb8 14. Qc1 Nxd2 15. Nxd2 Bf5 16. Nb3 Qb6 17. Bf4 Rbd8 18. Re7 Rd7 19.
Re3 Rc8 20. Nc5 Rf7 21. Rb3 Qa5 22. Nb7 Qa4 23. Nd6 Qxd4 24. Nxc8 Bxc8 25. Rb8 Rf8 26. Bd6 Rd8 27. Qxc6 Qc4 28.
Rc1 1-0

[Event "20th Rochefort Chess Festival - Masters"]
[Site "Rochefort, France"]
[Date "2022.02.15"]
[Round "6.1"]
[White "Galperin, Platon"]
[Black "Bauer, Christian"]
[Result "1-0"]
[TimeControl "1h30 + [30'']"]
[WhiteElo "2522"]
[BlackElo "2613"]

1. d4 Nf6 2. c4 e6 3. Nf3 b6 4. g3 Bb7 5. Bg2 g6 6. O-O Bg7 7. Qc2 O-O 8. Nc3 d5 9. cxd5 exd5 10.
Bg5 Nc6 11. Rad1 Re8 12. Rfe1 Ne7 13. Ne5 Nh5 14. e4 c6 15. Nxc6 Bxc6 16. exd5 Bb7 17. d6 Qxd6 18. Bxb7 Rad8 19.
Qa4 h6 20. Bc1 Rf8 21. Qxa7 Qd7 22. Qa6 Nf5 23. Bg2 Nxd4 24. Qxb6 Qf5 25. Qb7 Nf6 26. Qc7 Ne6 27. Qe5 Qxf2+ 28. Kxf2 Ng4+ 29. Kf1 Nxe5 30. Bxh6 Rxd1 31. Nxd1 Nd3 32. Bxg7 Kxg7 33. Re3 Rd8 34. Be4 Ne5 35. Nc3 Nc4 36.
Rd3 Rc8 37. Na4 Ne5 38. Rc3 Rh8 39. Nc5 Nd4 40. h4 f5 41. Bg2 Re8 42. Nb3 Nb5 43. Re3 Nd6 44. Bd5 Ne4 45. Bxe4 Ng4 46.
Re2 fxe4 47. Nc5 e3 48. Kg2 Kf6 49. Kf3 Kf5 50. Nb3 Rd8 51. Rc2 Ne5+ 52. Kxe3 Rd3+ 53. Kf2 Ng4+ 54. Ke2 Rxg3 55.
Rc5+ Kf4 56. Rc4+ Ke5 57. Rc3 Rg1 58. Rc1 Rg3 59. Nd2 Re3+ 60. Kd1 Rh3 61. Rc3 Rh1+ 62. Kc2 Kd5 63. Rd3+ Kc6 64.
Rg3 Rxh4 65. Nf3 Ne3+ 66. Kd3 Rb4 67. Rxg6+ Kc5 68. Kxe3 Rxb2 69. Ra6 Rb4 70. Rg6 1-0


[ePGN "0.1;DGT LiveChess/2.2.5"]

[Event "20th Rochefort Chess Festival - Masters"]
[Site "Rochefort, France"]
[Date "2022.02.16"]
[Round "7.2"]
[White "Fecker, Noah"]
[Black "Laurent-Paoli, Pierre"]
[Result "1/2-1/2"]
[TimeControl "1h30 + [30'']"]
[WhiteElo "2328"]
[BlackElo "2483"]

1. e4 Nc6 2. d4 d5 3. e5 f6 4. f4 Nh6 5. Nf3 Bf5 6. c3 e6 7. Be2 Be7 8. O-O O-O 9. Nbd2 a5 10.
a4 fxe5 11. fxe5 Qe8 12. Ne1 Qg6 13. Bh5 Qxh5 14. Qxh5 Bg4 15. Qxg4 Rxf1+ 16. Nxf1 Nxg4 17. Nd3 Rf8 18. Bf4 Nh6 19.
h3 Nf7 20. Nd2 b6 21. Rf1 Rc8 22. Kf2 Ncd8 23. Ke2 Kf8 24. b3 Ke8 25. Be3 c5 26. Rc1 cxd4 27. cxd4 Rxc1 28. Nxc1 Nc6 29.
Nf3 Kd7 30. Na2 Na7 31. Bd2 Bd8 32. Kd3 Nc6 1/2-1/2

[Event "20th Rochefort Chess Festival - Masters"]
[Site "Rochefort, France"]
[Date "2022.02.16"]
[Round "7.3"]
[White "Bauer, Christian"]
[Black "Martin Duque, Jesus"]
[Result "1-0"]
[TimeControl "1h30 + [30'']"]
[WhiteElo "2613"]
[BlackElo "2411"]

1. e4 c5 2. Nf3 e6 3. c3 Nf6 4. Bd3 d5 5. e5 c4 6. Bc2 Nfd7 7. d4 cxd3 8. Bxd3 Nc6 9. Bf4 Qc7 10.
O-O f6 11. c4 d4 12. Re1 Ndxe5 13. Nxe5 fxe5 14. Bg3 Bb4 15. Nd2 O-O 16. a3 Bxd2 17. Qxd2 a5 18. b3 Bd7 19. Rab1 Rae8 20.
b4 axb4 21. axb4 Rf5 22. Qe2 b6 23. b5 Na5 24. Bxe5 Qc5 25. Rbd1 Nb3 26. Bc2 Na5 27. Rxd4 Bc8 28. Bxf5 exf5 29.
Qh5 g6 30. Qh6 Qe7 31. Rdd1 Be6 32. Bc3 1-0

[Event "20th Rochefort Chess Festival - Masters"]
[Site "Rochefort, France"]
[Date "2022.02.16"]
[Round "7.5"]
[White "Duboue, Peio"]
[Black "Suarez Uriel, Adrian"]
[Result "1/2-1/2"]
[TimeControl "1h30 + [30'']"]
[WhiteElo "2412"]
[BlackElo "2348"]

1. e4 c5 2. c3 Nf6 3. e5 Nd5 4.
d4 cxd4 5. Nf3 e6 6. cxd4 b6 7. Nc3 Nxc3 8. bxc3 Qc7 9. Bd2 Bb7 10. Bd3 d6 11. O-O Nd7 12. Ng5 dxe5 13. Qh5 g6 14.
Qh3 Be7 15. Rae1 Rc8 16. f4 Bxg5 17. fxg5 O-O 18. Qh6 exd4 19. cxd4 Qd6 20. Rf4 f5 21. gxf6 Rxf6 22. Rxf6 Nxf6 23.
Qh4 Rf8 24. Bh6 Rf7 25. Re3 Qd5 26. Rg3 Qh5 27. Qxh5 Nxh5 28. Re3 Bd5 29. Be4 Ng7 30. Bxd5 exd5 31. g4 Rd7 32. Kg2 Kf7 33.
Bxg7 Kxg7 34. Kg3 h6 35. g5 hxg5 36. Kg4 Rf7 37. Kxg5 Rf5+ 38. Kg4 Kf7 39. Ra3 a5 40. Rb3 Rf2 41.
Rxb6 Rxh2 42. Rb7+ Ke6 43. Rb6+ Kd7 44. Rxg6 Rxa2 45. Kf5 Re2 46. Ra6 a4 47. Rxa4 Kc6 48. Rb4 Kc7 1/2-1/2

[Event "20th Rochefort Chess Festival - Masters"]
[Site "Rochefort, France"]
[Date "2022.02.16"]
[Round "7.1"]
[White "Galperin, Platon"]
[Black "Demuth, Adrien"]
[Result "1/2-1/2"]
[TimeControl "1h30 + [30'']"]
[WhiteElo "2522"]
[BlackElo "2489"]

1. d4 f5 2. Nc3 Nf6 3. Bg5 d5 4. e3 e6 5. Nf3 Be7 6. Bd3 Ne4 7. Bxe7 Qxe7 8. O-O O-O 9. Ne2 c5 10.
c4 dxc4 11. Bxc4 Nd6 12. b3 1/2-1/2

[Event "20th Rochefort Chess Festival - Masters"]
[Site "Rochefort, France"]
[Date "2022.02.16"]
[Round "7.4"]
[White "Mirzoev, Emil"]
[Black "Larkin, Vladyslav"]
[Result "1-0"]
[TimeControl "1h30 + [30'']"]
[WhiteElo "2460"]
[BlackElo "2399"]

1. c4 Nf6 2. Nc3 d6 3. d4 e5 4. Nf3 Nbd7 5. g3 c6 6. e4 g6 7. Bg2 Bg7 8. O-O O-O 9. h3 Qe7 10.
Re1 h6 11. b3 a5 12. Ba3 exd4 13. Qxd4 Nc5 14. e5 Nfd7 15. Rad1 Re8 16. Qd2 dxe5 17. Qe3 Bf8 18. Na4 e4 19.
Rxd7 Bxd7 20. Bxc5 Qf6 21. Nd2 Qh8 22. Bxf8 Kxf8 23. Nc5 Bc8 24. Ndxe4 f5 25. Qf4 Qe5 26. Qxh6+ Qg7 27. Qf4 Qe5 28.
Qf3 Kg7 29. Qd1 fxe4 30. Rxe4 Bg4 31. Qxg4 Qxc5 32. Qd7+ Kf8 33. Rf4+ Qf5 34. Rxf5+ gxf5 35. Qxf5+ Ke7 36. Qh7+ Kd6 37. Qxb7 Rac8 38. h4 1-0


[ePGN "0.1;DGT LiveChess/2.2.5"]

[Event "20th Rochefort Chess Festival - Masters"]
[Site "Rochefort, France"]
[Date "2022.02.17"]
[Round "8.5"]
[White "Dalaud, Dorian"]
[Black "Duboue, Peio"]
[Result "1/2-1/2"]
[TimeControl "1h30 + [30'']"]
[WhiteElo "2272"]
[BlackElo "2412"]

1. e4 d5 2. exd5 Nf6 3. d4 Bg4 4. f3 Bf5 5. g4 Bg6 6. c4 e6 7. Nc3 Nbd7 8. h4 h6 9. h5 Bh7 10.
dxe6 Qe7 11. Kf2 fxe6 12. Nb5 O-O-O 13. Nxa7+ Kb8 14. Nb5 e5 15. Qa4 c6 16. Qa7+ Kc8 17. Bd2 cxb5 18. cxb5 Nc5 19.
dxc5 Rxd2+ 20. Ke1 Rd4 21. Rc1 Qc7 22. b6 Qb8 23. Bb5 Be7 24. Ne2 Qxa7 25. bxa7 Kc7 26. Nxd4 exd4 27. c6 b6 28.
Rc4 Bd3 29. Ra4 Bxb5 30. a8=Q Rxa8 31. Rxa8 Bxc6 32. Ra7+ Bb7 33. Ke2 Kb8 34. Rxb7+ Kxb7 35. Kd3 Bc5 36. Rc1 Nd5 1/2-1/2

[Event "20th Rochefort Chess Festival - Masters"]
[Site "Rochefort, France"]
[Date "2022.02.17"]
[Round "8.3"]
[White "Demuth, Adrien"]
[Black "Dudognon, Thibault"]
[Result "1-0"]
[TimeControl "1h30 + [30'']"]
[WhiteElo "2489"]
[BlackElo "2294"]

1. d4 d5 2. Bf4 Nf6 3. e3 c5 4. dxc5 Nc6 5. Bb5 Bd7 6. c3 a5 7. Nf3 e6 8. c4 Bxc5 9. Nc3 Bb4 10.
O-O dxc4 11. Bxc4 O-O 12. Rc1 Ne7 13. Bg5 Bc6 14. Nd4 Bxc3 15. Rxc3 Bd5 16. Bxf6 gxf6 17. Bxd5 Qxd5 18. Rc7 Ng6 19.
Qf3 Qxf3 20. Nxf3 b6 21. Rfc1 Rfd8 22. Kf1 Nf8 23. Rb7 Rab8 24. Rxb8 Rxb8 25. Rc7 e5 26. Nh4 Ne6 27. Rc6 Kf8 28.
Nf5 Ke8 29. Rd6 b5 30. Ra6 a4 31. Ra7 Rb6 32. Ke2 Rc6 33. Kd2 Nc7 34. Rb7 Kd7 35. Rb8 Ra6 36. a3 Ra8 37. Rxa8 Nxa8 38.
Nh6 Ke6 39. Kc3 Nb6 40. Kb4 Nc4 41. Kxb5 Nxb2 42. e4 Nd3 43. f3 Ne1 44. Kxa4 Kd6 45. Kb5 Kc7 46. Ng8 f5 47. exf5 Nxg2 48.
Nh6 Nh4 49. Nxf7 Nxf3 50. f6 e4 51. Kc4 Kd7 52. a4 Ke6 53. Nd8+ Kxf6 54. a5 Ne5+ 55. Kc3 Nd7 56. Kd4 Ke7 57.
Nb7 Nb8 58. Kxe4 Na6 59. Kd5 h5 60. h4 Kf6 61. Nc5 Nb4+ 62. Ke4 Nc6 63. a6 Na7 64. Nd3 Nc8 65. Nf4 Nd6+ 66. Kf3 Nb5 67.
Nxh5+ Kf5 68. Ng3+ Kg6 69. Kg4 1-0

[Event "20th Rochefort Chess Festival - Masters"]
[Site "Rochefort, France"]
[Date "2022.02.17"]
[Round "8.1"]
[White "Laurent-Paoli, Pierre"]
[Black "Galperin, Platon"]
[Result "1/2-1/2"]
[TimeControl "1h30 + [30'']"]
[WhiteElo "2483"]
[BlackElo "2522"]

1. d4 Nf6 2. c4 e6 3. Nf3 d5 4.
Nc3 Bb4 5. cxd5 exd5 6. Bg5 Nbd7 7. Qc2 O-O 8. e3 h6 9. Bh4 c5 10. Bd3 c4 11. Bf5 Nb6 12. Bxc8 Rxc8 13. O-O Qe7 14.
Ne5 Qe6 15. f3 Nfd7 16. f4 Nxe5 17. dxe5 f6 18. Bxf6 gxf6 19. Qg6+ Kh8 20. Qxh6+ Kg8 21. Qg6+ Kh8 22. Qh6+ Kg8 23.
f5 Qe7 24. Rf3 Qh7 25. Rg3+ Kh8 26. Qf4 Rg8 27. exf6 Rcf8 28. Rxg8+ Kxg8 29. Rd1 Bxc3 30. Qg5+ Kf7 31. bxc3 Re8 32. a4 Re5 33. e4 Nd7 34.
Rxd5 Rxd5 35. exd5 Nxf6 36. Qf4 Nxd5 37. Qe4 Ne7 38. Qxc4+ Kf8 39. g4 Qh6 40. Kg2 Qd2+ 41. Kg3 Qe3+ 42.
Kg2 Qd2+ 43. Kg3 Qe1+ 44. Kg2 Nc6 45. Qd3 Ke7 46. Qd5 Kf6 47. Qc5 Kg5 48. h3 Kh4 49. Qf2+ Qxf2+ 50. Kxf2 Kxh3 51.
Kf3 Ne5+ 52. Ke4 Nxg4 53. Kd5 Kg3 54. Kd6 Kf4 55. Kc7 Kxf5 56. Kxb7 a5 57. Kb6 Ke6 58. Kxa5 Kd6 59. Kb6 Ne5 60.
a5 Nc4+ 61. Kb5 Nxa5 62. Kxa5 Kc5 63. c4 Kxc4 1/2-1/2

[Event "20th Rochefort Chess Festival - Masters"]
[Site "Rochefort, France"]
[Date "2022.02.17"]
[Round "8.2"]
[White "Mirzoev, Emil"]
[Black "Bauer, Christian"]
[Result "1/2-1/2"]
[TimeControl "1h30 + [30'']"]
[WhiteElo "2460"]
[BlackElo "2613"]

1. d4 Nf6 2. c4 e6 3. Nf3 Bb4+ 4. Bd2 a5 5. a3 Bxd2+ 6. Qxd2 d6 7. Nc3 O-O 8. e4 Nc6 9. O-O-O Qe7 10.
Bd3 e5 11. dxe5 dxe5 12. Nd5 Qd6 13. h3 Ne7 14. Bc2 Nexd5 15. exd5 Re8 16. Rhe1 Bd7 17. Qc3 e4 18. Nd2 Bf5 19.
f3 e3 20. Bxf5 exd2+ 21. Qxd2 b6 22. Bc2 Nd7 23. Kb1 Nc5 24. Re3 g6 25. Rde1 Rf8 26. Qd4 Rab8 27. h4 Ne6 28. Qf6 Nf4 29.
Qxd6 cxd6 30. Re4 Nh5 31. Ba4 Ng3 32. Rg4 Nh5 33. Rge4 Ng3 34. Rg4 Nh5 35. Bc6 f5 36. Rd4 Rbd8 37. Kc2 f4 38. Kb3 Rf7 39.
Ka4 Ng7 40. Rde4 Kf8 41. Kb5 Rb8 42. b3 h6 43. Ka6 Rd8 44. Kb5 Rb8 45. b4 g5 46. hxg5 hxg5 47. Rh1 Kg8 48. Rh6 axb4 49. Kxb4 Nf5 50. Rg6+ Rg7 51. Rxg7+ Kxg7 52. Kb5 Ne3 53. g4 Nf1 54. Re7+ Kf6 55.
Re2 Ne3 56. Rh2 Ke5 57. Rh5 Rg8 58. a4 Kd4 59. Kxb6 Nxc4+ 60. Kc7 Rg7+ 61. Kd8 Ke3 62. Rh3 Kf2 63. Rh1 Kxf3 64. Rc1 Na5 65.
Bd7 Nb7+ 66. Kc8 Nc5 67. Rxc5 dxc5 68. Bb5 Ke3 69. d6 Kd4 70. d7 Rg8+ 71. d8=Q+ Rxd8+ 72. Kxd8 c4 73. a5 f3 74. a6 f2 75.
a7 f1=Q 76. a8=Q Qf8+ 77. Be8 Qf6+ 1/2-1/2

[Event "20th Rochefort Chess Festival - Masters"]
[Site "Rochefort, France"]
[Date "2022.02.17"]
[Round "8.4"]
[White "Suarez Uriel, Adrian"]
[Black "Fecker, Noah"]
[Result "0-1"]
[TimeControl "1h30 + [30'']"]
[WhiteElo "2348"]
[BlackElo "2328"]

1. e4 c6 2. Nf3 d5 3. d3 g6 4. e5 Bg7 5. d4 f6 6. exf6 Nxf6 7. Be2 Qd6 8. O-O Nbd7 9. Re1 O-O 10. Bf1 Ne4 11. c4 b6 12.
Na3 Ndf6 13. h3 Bf5 14. Be3 Rac8 15. Rc1 Qb4 16. cxd5 cxd5 17. Qb3 Qxb3 18. axb3 Rxc1 19. Bxc1 Ne8 20.
Nb5 a5 21. Nc3 Nxc3 22. bxc3 Bf6 23. Ne5 Nd6 24. g4 Bc2 25. Nd7 Rd8 26. Nxb6 Ne4 27. Re3 Bh4 28. Kg2 Nxf2 29. Re5 Be4+ 30.
Kg1 Nd1 31. Na4 Rf8 32. Be2 Nf2 33.
Nc5 Bg3 34. Nxe4 Nxe4 35. Rxe7 Rf2 36. Rxe4 dxe4 37. Bc4+ Kg7 38. d5 Rc2 39. Ba3 e3 40. Kf1 Rf2+ 0-1


[ePGN "0.1;DGT LiveChess/2.2.5"]

[Event "20th Rochefort Chess Festival - Masters"]
[Site "Rochefort, France"]
[Date "2022.02.18"]
[Round "9.2"]
[White "Galperin, Platon"]
[Black "Mirzoev, Emil"]
[Result "1/2-1/2"]
[TimeControl "1h30 + [30'']"]
[WhiteElo "2522"]
[BlackElo "2460"]

1. d4 Nf6 2. c4 g6 3. Nc3 d5 4. Nf3 Bg7 5. Bg5 c6 6. e3 O-O 7. Bd3 Bg4 8. O-O e6 9. h3 Bxf3 10.
Qxf3 Nbd7 11. Rad1 Qa5 12. Bh4 Rfe8 13. a3 h6 14. Rd2 a6 15. Rc2 b5 16. cxd5 cxd5 17. Na2 Rac8 18. Qe2 e5 19.
dxe5 Nxe5 20. Rfc1 Rxc2 21. Rxc2 Nc4 1/2-1/2

[Event "20th Rochefort Chess Festival - Masters"]
[Site "Rochefort, France"]
[Date "2022.02.18"]
[Round "9.1"]
[White "Fecker, Noah"]
[Black "Demuth, Adrien"]
[Result "1/2-1/2"]
[TimeControl "1h30 + [30'']"]
[WhiteElo "2328"]
[BlackElo "2489"]

1. e4 e5 2. Nf3 Nc6 3. Bb5 a6 4. Ba4 d6 5. O-O Bg4 6. h3 h5 7. Bxc6+ bxc6 8. d4 Bxf3 9. Qxf3 exd4 10.
Rd1 Qf6 11. Qb3 Ne7 12. Qb7 Rd8 13. Qxa6 g5 14. Qd3 Bg7 15. c3 d5 16. exd5 Rxd5 17. cxd4 Rxd4 18. Qxd4 Qxd4 19. Rxd4 Bxd4 20.
Nc3 Nd5 21. Bxg5 Nxc3 22. bxc3 Bxc3 23. Rc1 Bd4 24. Rxc6 Kd7 25. Rc2 c5 26. Kf1 Kc6 27. Be3 Kd5 28. Ke2 Ra8 29. g4 hxg4 30.
hxg4 Bxe3 31. fxe3 Ke5 1/2-1/2

[Event "20th Rochefort Chess Festival - Masters"]
[Site "Rochefort, France"]
[Date "2022.02.18"]
[Round "9.5"]
[White "Dudognon, Thibault"]
[Black "Larkin, Vladyslav"]
[Result "0-1"]
[TimeControl "1h30 + [30'']"]
[WhiteElo "2294"]
[BlackElo "2399"]

1. e4 c5 2. Nc3 a6 3. Nge2 e6 4. g3 h5 5. h3 b5 6. Bg2 Bb7 7. d4 b4 8. Nb1 cxd4 9. Nxd4 Nf6 10.
Nd2 Qc7 11. O-O Bc5 12. N2b3 Bxe4 13. Bxe4 Nxe4 14. Qf3 d5 15. Nxc5 Qxc5 16. Be3 Qc7 17. Rfc1 h4 18. Qg4 hxg3 19.
Qxg7 gxf2+ 20. Kg2 Rh7 21. Qg8+ Ke7 22. Bxf2 Rh6 23. Bg3 Nxg3 24. Qg5+ Rf6 25. c3 Ne4 26. cxb4 Nxg5 27. Rxc7+ Nd7 28.
Rac1 Ne4 29. Rc8 Rf2+ 30. Kg1 Rxc8 31. Rxc8 Rxb2 32. a4 Kf6 33. b5 axb5 34. axb5 Rb4 35. Nf3 Rb1+ 36. Kg2 Rxb5 37.
h4 Ne5 0-1

[Event "20th Rochefort Chess Festival - Masters"]
[Site "Rochefort, France"]
[Date "2022.02.18"]
[Round "9.3"]
[White "Bauer, Christian"]
[Black "Laurent-Paoli, Pierre"]
[Result "1-0"]
[TimeControl "1h30 + [30'']"]
[WhiteElo "2613"]
[BlackElo "2483"]

1. e4 c6 2. d4 d5 3. e5 Bf5 4. h4 h5 5. Bd3 Bxd3 6. Qxd3 Qa5+ 7. Nc3 e6 8. Bg5 Qa6 9. Qh3 Ne7 10.
Nge2 Nd7 11. O-O Nf5 12. Rad1 Be7 13. Ng3 g6 14. Nxf5 gxf5 15. Qe3 Bxg5 16. Qxg5 Qb6 17. Ne2 Qb4 18.
Rd3 Qe7 19. Rg3 Qxg5 20. Rxg5 Ke7 21. Nf4 Rag8 22. Rxg8 Rxg8 23. g3 Rh8 24. Kg2 c5 25. c3 b5 26. Kf3 c4 27. b3 Nb6 28.
Rb1 a6 29. Ke2 Kd7 30. Kd2 Kc6 31. b4 Kd7 32. Rh1 Ke7 33. a3 Kf8 34. Rc1 Kg7 35. f3 Kh6 36. Ke3 Ra8 37. Nh3 a5 38.
Ng5 axb4 39. axb4 Kg6 40. g4 hxg4 41. fxg4 fxg4 42. Rf1 Ra2 43. Rxf7 g3 44. Rf6+ Kh5 45. Nxe6 Na4 46. Kf3 Rf2+ 47.
Kxg3 Rxf6 48. exf6 Kg6 49. Nf4+ Kxf6 50. Nxd5+ Kf5 51. Kf3 Kg6 52. Kg4 Kh6 53. h5 Kh7 54. Kg5 Kg7 55. h6+ Kh7 56.
Kh5 Kg8 57. Kg6 Kh8 58. Kf6 Kh7 59. Ke6 Kxh6 60. Kd6 Kg5 61. Kc6 Kf5 62. Kxb5 Nb2 63. Kc6 1-0

[Event "20th Rochefort Chess Festival - Masters"]
[Site "Rochefort, France"]
[Date "2022.02.18"]
[Round "9.4"]
[White "Duboue, Peio"]
[Black "Martin Duque, Jesus"]
[Result "0-1"]
[TimeControl "1h30 + [30'']"]
[WhiteElo "2412"]
[BlackElo "2411"]

1. d4 Nf6 2. g3 e6 3. Bg2 c5 4. Nf3 cxd4 5. O-O d5 6. Nxd4 e5 7. Nb3 Be6 8. c4 Nc6 9. cxd5 Nxd5 10.
N1d2 Be7 11. Ne4 Qb6 12. Ng5 Bxg5 13. Bxg5 h6 14. Bxd5 Bxd5 15. Qxd5 hxg5 16. Rfd1 Rd8 17. Qe4 O-O 18.
e3 a5 19. Qc4 Rxd1+ 20. Rxd1 Rd8 21. Rxd8+ Qxd8 22. Nc5 Qd1+ 23. Kg2 g4 24. Qe4 Nb4 25. h3 gxh3+ 26. Kxh3 b6 27. a3 Qf1+ 28.
Kh4 bxc5 29. axb4 cxb4 30. Qxe5 Qxf2 31. Kh3 g6 32. e4 Kh7 33. b3 Qf1+ 34. Kh2 Qe2+ 35. Kg1 Qe3+ 36. Kh2 Qxb3 37. Qxa5 Qc2+ 0-1